 Dungeon Crawl Stone Soup version 0.31.0-32-g396128a36d (webtiles) character file.

Game seed: 3594148330570168369

10 KennySheep the Sneak (level 2, 0/27 HPs)
             Began as a Deep Elf Delver on Apr 9, 2024.
             Slain by an ufetubus (2 damage)
             ... on level 3 of the Dungeon.
             The game lasted 00:01:59 (182 turns).

KennySheep the Sneak (Deep Elf Delver)               Turns: 182, Time: 00:01:59

Health: 0/27       AC: 21    Str:  9    XL:     2   Next: 10%
Magic:  5/5        EV:  2    Int: 14    God:
Gold:   14         SH:  0    Dex: 16    Spells: 3/3 levels left

rFire   . . .        a - +0 short sword
rCold   . . .        (no shield)
rNeg    . . .        b - melded +0 leather armour
rPois   +            (helmet currently unavailable)
rElec   .            (cloak currently unavailable)
rCorr   .            (gloves currently unavailable)
SInv    .            (boots currently unavailable)
Will    .....        (no amulet)
Stlth   +++          (no ring)
HPRegen 0.24/turn    (no ring)
MPRegen 0.09/turn

%: no passive effects
@: tree-form
A: stationary, stasis, torment immunity, boosted hp
a: no special abilities


You were on level 3 of the Dungeon.
You were a tree.
You visited 1 branch of the dungeon, and saw 3 of its levels.

You collected 14 gold pieces.

Inventory:

Hand Weapons
 a - a +0 short sword (weapon)
Armour
 b - a +0 leather armour (melded)
Wands
 g - a wand of digging (3)
Scrolls
 c - a scroll of fog
 d - a scroll of acquirement {unknown}
 e - a scroll of fear
Potions
 f - a potion of haste


   Skills:
 - Level 2.4 Fighting
 - Level 2.0 Short Blades
 + Level 1.0 Ranged Weapons
 + Level 2.7 Dodging
 + Level 6.1 Stealth
 + Level 1.0 Spellcasting


You had 3 spell levels left.
You didn't know any spells.
Your spell library was empty.

Dungeon Overview and Level Annotations

Branches:
Dungeon (5/15)
 Temple: D:4-7

Altars:


Message History

You barely miss the ufetubus.
The ufetubus is almost dead.
The ufetubus barely misses you. The ufetubus misses you.
The ufetubus hits you but does no damage.
The ufetubus closely misses you. The ufetubus misses you.
The ufetubus closely misses you.
You hit the ufetubus but do no damage.
The ufetubus is almost dead.
The ufetubus barely misses you. The ufetubus closely misses you.
The ufetubus hits you but does no damage.
The ufetubus closely misses you.
You hit the ufetubus but do no damage.
The ufetubus is almost dead.
The ufetubus hits you but does no damage.
The ufetubus hits you. x2; The ufetubus barely misses you. x2
The ufetubus hits you.
You hit the ufetubus but do no damage. Your punch misses the ufetubus.
The ufetubus is almost dead.
The ufetubus hits you but does no damage. x2
The ufetubus hits you. x3
* * * LOW HITPOINT WARNING * * *
The ufetubus barely misses you.
You miss the ufetubus.
The ufetubus is almost dead.
The ufetubus closely misses you. The ufetubus misses you.
The ufetubus hits you but does no damage.
The ufetubus hits you.
* * * LOW HITPOINT WARNING * * *
It was a potion of lignification.
You turn into a tree.
Your +0 leather armour melds into your body.
Your roots penetrate the ground.
The ufetubus hits you but does no damage. x3
The ufetubus hits you.
* * * LOW HITPOINT WARNING * * *
The ufetubus barely misses you.
The ufetubus hits you but does no damage. x3
You hit the ufetubus.
You kill the ufetubus!
The ufetubus hits you.
You die...

.....)#.... .... ##
.....#...##.... .. l
....#.........#.#l#
#..##.>.......$....
#..##.............#
###.#######..##.....###.....#
......................[......
###.########....###..........
...........♣5..........#
.....##....##....##....#
...........##....# ....
.....#.....##....# ... ....
#...........# .. ...
.......#####.# . . ........#
... ........# ...


You could see an ufetubus.

Vanquished Creatures
  An adder (D:3)
  An ufetubus (D:3)
  A bat (D:3)
3 creatures vanquished.

Notes
Turn   | Place    | Note
-------+----------+-------------------------------------------
     0 | D:5      | KennySheep the Deep Elf Delver began the quest for the Orb.
     0 | D:5      | Reached XP level 1. HP: 13/13 MP: 3/3
   115 | D:3      | Reached skill level 1 in Ranged Weapons
   115 | D:3      | Reached skill level 1 in Spellcasting
   115 | D:3      | Reached XP level 2. HP: 9/18 MP: 3/5
   181 | D:3      | HP: 1/27 [ufetubus (1)]
   182 | D:3      | Slain by an ufetubus

Illustrated notes

Levels and vault maps discovered:
D:3:      layout_basic, uniq_sigmund, uniq_grinder
D:4:      layout_basic, lightli_ossuary_entry_decrepit_ruins,
          uniq_blork_the_orc, uniq_natasha, uniq_eustachio
D:5:      layout_basic, chequers_temple_overflow_statue_of_worship,
          minmay_checkerbox

Skill      XL: |  1 |
---------------+----+-----
Ranged Weapons | 1 |  1.0
Spellcasting   | 1 |  1.0
Fighting       | |  2.4
Short Blades   | |  2.0
Dodging        | |  2.7
Stealth        | |  6.1

Action                     || total
---------------------------++-------
  Melee: Short sword       ||    19
         Punch             ||     1
    Use: Scroll            ||     2
         Potion            ||     2
 Armour: Leather armour    ||    23
         Skin              ||     8
  Dodge: Dodged            ||    33
